 Dungeon Crawl Stone Soup version 0.31.0-1-g2c135a008e (webtiles) character file.

Game seed: 17686373562813246355

2205 qw the Skirmisher (level 9, -4/65 HPs)
             Began as a Djinni Hunter on Jan 23, 2024.
             Was a Believer of Okawaru.
             Slain by a wight
             ... wielding a +4 long sword
              (15 damage)
             ... on level 7 of the Dungeon.
             The game lasted 00:00:26 (6279 turns).

qw the Skirmisher (Djinni Hunter)                   Turns: 6279, Time: 00:00:26

Health: -4/65      AC:  7    Str: 10    XL:     9   Next: 60%
Gold:   127        EV: 14    Int: 11    God:    Okawaru [**....] SH:  0 Dex: 27

rFire   + + .        a - +0 shortbow (freeze)
rCold   x . .        (shield currently unavailable)
rNeg    . . .        b - +0 ring mail
rPois   inf          j - +0 helmet
rElec   .            n - +0 cloak
rCorr   +            (no gloves)
SInv    .            (boots unavailable)
Will    .....        (no amulet)
Stlth   ++           c - +6 ring of dexterity
HPRegen 0.30/turn    m - ring of resist corrosion
MPRegen 0.00/turn

%: infuse magic (-5 HP)
@: flying
A: sickness immunity, fire resistance 2, cold vulnerability 1, float, innate
caster, HP casting, extra vitality 1, wild magic 2
a: Renounce Religion, Heroism


You were on level 7 of the Dungeon.
You worshipped Okawaru.
Okawaru was pleased with you.
You visited 2 branches of the dungeon, and saw 8 of its levels.

You collected 281 gold pieces.
You spent 154 gold pieces at shops.


Innate Abilities, Weirdness & Mutations

You are immune to sickness and miasma.
You are immune to poison.
Your flesh is very heat resistant. (rF++)
You are vulnerable to cold. (rC-)
You float through the air rather than walking.
You learn spells naturally, not from books.
Your magical power is your life essence.
You have superior vitality. (+4 MHP)
Your spells are harder to cast, but more powerful.


   Skills:
 - Level 5.0 Fighting
 - Level 8.0 Ranged Weapons
 - Level 2.3 Armour
 + Level 5.6 Dodging
 - Level 0.7 Stealth
 - Level 4.1 Invocations


You knew the following spells:

 Your Spells              Type           Power      Damage    Failure   Level
a - Freeze                Ice            0%         1d3       80%         1
b - Blink                 Tloc           0%         N/A       90%         2
c - Teleport Other        Tloc           0%         N/A       98%         3
d - Inner Flame           Hex/Fire       0%         N/A       98%         3
Your spell library was empty.

Inventory:

Hand Weapons
 a - a +0 shortbow of freezing (weapon)
Armour
 b - a +0 ring mail (worn)
 j - a +0 helmet (worn)
 k - the +0 leather armour "Ubecky" {-Tele rElec rPois}
   (You found it on level 6 of the Dungeon)

   rElec:     It insulates you from electricity.
   rPois:     It protects you from poison -Tele: It prevents most forms of
   teleportation.
 n - a +0 cloak (worn)
Jewellery
 c - a +6 ring of dexterity (left hand)
 m - a ring of resist corrosion (right hand)
Wands
 f - a wand of polymorph (14)
Scrolls
 e - 2 scrolls of identify
 g - a scroll of teleportation
Potions
 d - a potion of enlightenment
 h - 4 potions of curing
 i - 2 potions of resistance
 l - 2 potions of might

Dungeon Overview and Level Annotations

Branches:
Dungeon (7/15)             Temple (1/1) D:5

Altars:
Ashenzari
Cheibriados
Elyvilon
Fedhas
Gozag
Hepliaklqana
Makhleb
Nemelex Xobeh
Okawaru
Qazlal
Ru
Trog
Wu Jian
Yredelemnul
The Shining One

Shops:
D:6 !


Message History

The wight barely misses you.
You shoot an arrow.
The arrow hits the wight but does no damage.
The wight is almost destroyed.
The wight hits you but does no damage.
You shoot an arrow. The arrow hits the wight!
You destroy the wight!
Okawaru accepts your kill.
You start resting.
HP restored.
Items here: )) [[.
You now have 127 gold pieces (gained 11).
Items here: )) [[.
Things that are here:
a +3 scimitar of freezing; a +0 robe 2 wights come into view.
You shoot an arrow.
The arrow hits the wight but does no damage.
You shoot an arrow. The arrow barely misses the wight.
The wight closely misses you.
You shoot an arrow. The arrow hits the wight.
The wight is moderately damaged.
You shoot an arrow. The arrow hits the wight.
The wight is severely damaged.
The wight hits you with a +5 flail! The wight hits you but does no damage.
You shoot an arrow. The arrow closely misses the wight.
The wight barely misses you. The wight misses you.
You shoot an arrow.
The arrow hits the wight but does no damage.
The wight is severely damaged.
The wight hits you with a +5 flail! The wight closely misses you.
You shoot an arrow. The arrow closely misses the wight.
The wight hits you with a +5 flail!
The wight hits you with a +4 long sword!
The wight completely misses you. The wight barely misses you.
You shoot an arrow. The arrow hits the wight.
The wight is almost destroyed.
The wight hits you with a +5 flail!
The wight hits you with a +4 long sword!
You die...

###
#####.#########
#.....)...).@z#
#.#.#.#######z#
#####.#.#.# .#
......#.#.# .#
###.#.#.#.# .#
......#.#.# .#
..#.###.#.# .#
..........# .#
.......##..


You could see 2 wights.

Vanquished Creatures
  A vampire (D:6)
  A yak (D:6)
  A water moccasin (D:7)
  2 orc warriors
  A sky beast (D:7)
  A black bear (D:5)
  A kobold brigand (D:6)
  2 scorpions
  4 bullfrogs
  3 wights (D:7)
  3 killer bees (D:7)
  2 howler monkeys (D:6)
  4 hounds
  2 jellies
  4 orc priests
  2 sleepcaps (D:5)
  Ijyb (D:3)
  2 iguanas
  8 adders
  A shadow imp (D:7)
  A white imp (D:6)
  2 ufetubi (D:6)
  2 dart slugs
  6 ribbon worms
  14 orcs
  9 endoplasms
  5 giant cockroaches
  8 goblins
  9 hobgoblins
  5 jackals
  3 quokkas
  5 ball pythons
  8 bats
  3 frilled lizards (D:2)
  9 kobolds
  4 rats (D:1)
139 creatures vanquished.

Notes
Turn   | Place    | Note
-------+----------+-------------------------------------------
     0 | D:1      | qw the Djinni Hunter began the quest for the Orb.
     0 | D:1      | Reached XP level 1. HP: 18/18 MP: 0/0
     0 | D:1      | 0 ||| qw: Version: 0.3-a-135-gb77e89d
     0 | D:1      | 0 ||| qw: Game counter: 861
     0 | D:1      | 0 ||| qw: Melee chars always use a shield: true
     0 | D:1      | 0 ||| qw: God list: Okawaru
     0 | D:1      | 0 ||| qw: Allow faded altars: false
     0 | D:1      | 0 ||| qw: Do Orc after clearing Dungeon:15 true
     0 | D:1      | 0 ||| qw: Do second Lair branch before Depths: true
     0 | D:1      | 0 ||| qw: Lair rune preference: random
     0 | D:1      | 0 ||| qw: Goals: Normal
     0 | D:1      | 0 ||| PLANNING D:1-11
   176 | D:1      | Reached XP level 2. HP: 22/23 MP: 0/0
   455 | D:1      | Reached XP level 3. HP: 28/28 MP: 0/0
   455 | D:1      | Learned a level 1 spell: Freeze
   462 | D:1      | Reached skill level 4 in Ranged Weapons
   742 | D:1      | 742 ||| UPGRADING to +0 helmet.
   747 | D:1      | 747 ||| READING scroll labelled GUIDGH WADIEPRI.
   748 | D:1      | 748 ||| READING scroll labelled MAGOD GINUOPH.
   749 | D:1      | 749 ||| READING scroll labelled PIEMNE XIBLAPIS.
   749 | D:1      | 749 ||| IDENTIFYING fuming amethyst potion
   750 | D:1      | 750 ||| DROPPING scroll of butterflies.
  1138 | D:2      | Reached skill level 3 in Fighting
  1138 | D:2      | Reached XP level 4. HP: 19/35 MP: 0/0
  1168 | D:2      | 1168 ||| FLEEEEING.
  1171 | D:2      | 1171 ||| FLEEEEING.
  1408 | D:2      | Reached skill level 3 in Dodging
  1739 | D:2      | 1739 ||| UPGRADING to +0 ring mail.
  1749 | D:2      | 1749 ||| DROPPING +0 leather armour.
  1750 | D:2      | 1750 ||| READING scroll labelled ZUPTULEZAGG.
  1750 | D:2      | 1750 ||| BRANDING +0 shortbow.
  1751 | D:2      | 1751 ||| READING scroll labelled WUN TAUCRAPT.
  1852 | D:2      | 1852 ||| READING 3 scrolls labelled GEFEFU KOILUWN.
  1919 | D:2      | 1919 ||| UPGRADING to +6 ring of dexterity.
  1920 | D:2      | 1920 ||| READING scroll labelled ULEGIN AMUYBUZATZ.
  1923 | D:2      | 1923 ||| READING scroll labelled XUONUCK NITU.
  1924 | D:2      | 1924 ||| DRINKING 2 fizzy emerald potions.
  1925 | D:2      | 1925 ||| DRINKING 2 cyan potions.
  1926 | D:2      | 1926 ||| DROPPING 2 scrolls of torment.
  1947 | D:3      | Found a faded altar of an unknown god.
  1994 | D:3      | Found a bloodstained altar of Trog.
  1998 | D:3      | Found a sacrificial altar of Ru.
  1999 | D:3      | Found a white marble altar of Elyvilon.
  2000 | D:3      | Found an ornate altar of the Wu Jian Council.
  2000 | D:3      | Found a snail-covered altar of Cheibriados.
  2000 | D:3      | Found a burning altar of Makhleb.
  2001 | D:3      | Found a stormy altar of Qazlal.
  2023 | D:3      | Reached XP level 5. HP: 40/40 MP: 0/0
  2023 | D:3      | Learned a level 2 spell: Blink
  2059 | D:3      | Noticed Ijyb
  2069 | D:3      | Killed Ijyb
  2070 | D:3      | Reached skill level 1 in Armour
  2646 | D:3      | 2646 ||| READING scroll of identify.
  2646 | D:3      | 2646 ||| IDENTIFYING purple potion
  2647 | D:3      | 2647 ||| DROPPING potion of brilliance.
  2749 | D:4      | Reached XP level 6. HP: 41/46 MP: 0/0
  2850 | D:4      | Reached skill level 5 in Ranged Weapons
  3243 | D:4      | 3243 ||| UPGRADING to +0 cloak.
  3248 | D:4      | 3248 ||| READING 2 scrolls of identify.
  3248 | D:4      | 3248 ||| IDENTIFYING sedimented silvery potion
  3249 | D:4      | 3249 ||| DRINKING potion of mutation.
  3249 | D:4      | Gained mutation: Your spells are a little harder to cast,
                  | but a little more powerful. [potion of mutation]
  3249 | D:4      | Gained mutation: Your spells are harder to cast, but more
                  | powerful. [potion of mutation]
  3250 | D:4      | 3250 ||| READING scroll of identify.
  3250 | D:4      | 3250 ||| IDENTIFYING fizzy clear potion
  3251 | D:4      | 3251 ||| READING scroll labelled HIL OPSAMO.
  3252 | D:4      | 3252 ||| DROPPING potion of invisibility.
  3280 | D:5      | Entered Level 5 of the Dungeon
  3325 | D:5      | Reached XP level 7. HP: 52/52 MP: 0/0
  3325 | D:5      | Learned a level 3 spell: Teleport Other
  3348 | D:5      | 3348 ||| FLEEEEING.
  3349 | D:5      | 3349 ||| FLEEEEING.
  3350 | D:5      | 3350 ||| FLEEEEING.
  3351 | D:5      | 3351 ||| FLEEEEING.
  3352 | D:5      | 3352 ||| FLEEEEING.
  3353 | D:5      | 3353 ||| FLEEEEING.
  3354 | D:5      | 3354 ||| FLEEEEING.
  3355 | D:5      | 3355 ||| FLEEEEING.
  3356 | D:5      | 3356 ||| FLEEEEING.
  3357 | D:5      | 3357 ||| FLEEEEING.
  3358 | D:5      | 3358 ||| FLEEEEING.
  3359 | D:5      | 3359 ||| FLEEEEING.
  3360 | D:5      | 3360 ||| FLEEEEING.
  3361 | D:5      | 3361 ||| FLEEEEING.
  3411 | D:5      | 3411 ||| FLEEEEING.
  3412 | D:5      | 3412 ||| FLEEEEING.
  3413 | D:5      | 3413 ||| FLEEEEING.
  3745 | D:5      | Found a staircase to the Ecumenical Temple.
  3746 | D:5      | 3746 ||| PLANNING TEMPLE
  3746 | D:5      | 3746 ||| READING scroll labelled TYUCZARUNG.
  3757 | Temple   | Entered the Ecumenical Temple
  3758 | Temple   | 3758 ||| PLANNING OKAWARU WORSHIP
  3762 | Temple   | Became a worshipper of Warmaster Okawaru
  3763 | Temple   | 3763 ||| PLANNING D:1-11
  3886 | D:5      | Reached skill level 6 in Ranged Weapons
  4231 | D:6      | Reached XP level 8. HP: 58/58 MP: 0/0
  4237 | D:6      | 4237 ||| FLEEEEING.
  4238 | D:6      | 4238 ||| FLEEEEING.
  4249 | D:6      | 4249 ||| FLEEEEING.
  4250 | D:6      | 4250 ||| FLEEEEING.
  4251 | D:6      | 4251 ||| FLEEEEING.
  4252 | D:6      | 4252 ||| FLEEEEING.
  4253 | D:6      | 4253 ||| FLEEEEING.
  4254 | D:6      | 4254 ||| FLEEEEING.
  4255 | D:6      | 4255 ||| FLEEEEING.
  4256 | D:6      | 4256 ||| FLEEEEING.
  4258 | D:6      | 4258 ||| STAIRDANCE
  4285 | D:5      | 4285 ||| READING scroll of identify.
  4285 | D:5      | 4285 ||| IDENTIFYING brown potion
  4286 | D:5      | 4286 ||| DROPPING potion of degeneration.
  4304 | D:6      | Found Ugel's Distillery.
  4311 | D:6      | 4311 ||| SHOPLISTING 2 potions of haste (220 gold, have
                  | 188).
  4311 | D:6      | 4311 ||| BUYING potion of might (44 gold).
  4311 | D:6      | Bought a potion of might for 44 gold pieces
  4311 | D:6      | 4311 ||| BUYING potion of resistance (110 gold).
  4311 | D:6      | Bought a potion of resistance for 110 gold pieces
  4349 | D:6      | Reached * piety under Okawaru
  4382 | D:6      | Identified the +0 leather armour "Ubecky" {-Tele rElec
                  | rPois}
  4501 | D:6      | Reached skill level 1 in Invocations
  4662 | D:6      | Noticed a yak
  4671 | D:6      | 4671 ||| INVOKING Heroism.
  4686 | D:6      | Killed a yak
  4691 | D:6      | Reached skill level 7 in Ranged Weapons
  4691 | D:6      | Reached skill level 3 in Invocations
  4757 | D:6      | Noticed a vampire
  4758 | D:6      | 4758 ||| INVOKING Heroism.
  4770 | D:6      | 4770 ||| INVOKING Heroism.
  4773 | D:6      | Killed a vampire
  4849 | D:6      | Reached XP level 9. HP: 39/65 MP: 0/0
  4849 | D:6      | Learned a level 3 spell: Inner Flame
  5437 | D:6      | 5437 ||| UPGRADING to ring of resist corrosion.
  5438 | D:6      | 5438 ||| READING scroll labelled ACEUSO UVICA.
  5539 | D:6      | 5539 ||| READING 2 scrolls labelled XUC HOISMITI.
  5540 | D:6      | 5540 ||| DRINKING 2 metallic dark potions.
  5541 | D:6      | 5541 ||| DROPPING scroll of immolation.
  5765 | D:7      | 5765 ||| RETREEEEATING.
  5766 | D:7      | 5766 ||| RETREEEEATING.
  5776 | D:7      | HP: 15/65 [killer bee (2)]
  5777 | D:7      | 5777 ||| READING 2 scrolls of teleportation.
  5778 | D:7      | 5778 ||| DRINKING potion of heal wounds.
  5903 | D:7      | 5903 ||| FLEEEEING.
  5905 | D:7      | 5905 ||| FLEEEEING.
  5906 | D:7      | 5906 ||| FLEEEEING.
  5907 | D:7      | 5907 ||| FLEEEEING.
  5908 | D:7      | 5908 ||| FLEEEEING.
  5927 | D:7      | 5927 ||| FLEEEEING.
  5928 | D:7      | 5928 ||| FLEEEEING.
  5929 | D:7      | 5929 ||| FLEEEEING.
  5930 | D:7      | 5930 ||| FLEEEEING.
  5932 | D:7      | 5932 ||| FLEEEEING.
  5933 | D:7      | 5933 ||| FLEEEEING.
  5934 | D:7      | 5934 ||| FLEEEEING.
  5935 | D:7      | 5935 ||| FLEEEEING.
  5936 | D:7      | 5936 ||| FLEEEEING.
  5937 | D:7      | 5937 ||| FLEEEEING.
  6112 | D:7      | Reached ** piety under Okawaru
  6187 | D:7      | Reached skill level 8 in Ranged Weapons
  6279 | D:7      | HP: 11/65 [wight/+5 flail (15)]
  6279 | D:7      | Slain by a wight

Levels and vault maps discovered:
D:1:      minmay_arrival_four_loops, layout_basic,
          chequers_serial_rivers_micro_e, minmay_misc_feat_enclosed,
          minmay_crystal_water
D:2:      layout_basic, hangedman_decor_clover_reticule, minmay_pentomino_v2
D:3:      layout_basic, minitemple, chequers_ecumenical_altar_simple_redux,
          uniq_ijyb
D:4:      layout_cave_pools
D:5:      layout_cave_pods, minmay_temple_entry_drinking_statues
D:6:      layout_loops_corners, serial_shops, nicolae_shop_peninsula, kb_rosetta
D:7:      layout_basic, general_overflow_altar
Temple:   hellmonk_temple_micro_hex

Skill      XL: |  1  2  3  4  5  6  7  8  9 |
---------------+----------------------------+-----
Ranged Weapons | 4 5 6 7 8 |  8.0
Fighting       | 3 4 5 |  5.0
Dodging        | 3 4 5 |  5.6
Armour         | 1 2 |  2.3
Invocations    | 3 4 |  4.1
Stealth        | |  0.7

Action                     |  1- 3 |  4- 6 |  7- 9 || total
---------------------------+-------+-------+-------++-------
   Fire: Shortbow          |   100 |   164 |   281 ||   545
 Invoke: Heroism           |       |       |     3 ||     3
    Use: Scroll            |     3 |     9 |     5 ||    17
         Potion            |       |     3 |     2 ||     5
 Armour: Leather armour    |    17 |    10 |       ||    27
         Ring mail         |       |    44 |   108 ||   152
  Dodge: Dodged            |    19 |    58 |   126 ||   203

Table legend:
 A = Non-vault XP
 B = Vault XP
 C = Vault XP percentage of total XP
 D = Non-vault monster count
 E = Vault monster count
 F = Vault count percentage of total count
                 A         B        C        D         E       F
            +---------+---------+-------+---------+---------+-------
      Total |    2544 |     606 |  19.2 |     133 |       6 |   4.3
            +---------+---------+-------+---------+---------+-------
        D:1 |      37 |       0 |   0.0 |      23 |       0 |   0.0
        D:2 |      88 |       2 |   2.2 |      27 |       1 |   3.6
        D:3 |      74 |      36 |  32.7 |      13 |       1 |   7.1
        D:4 |     225 |       0 |   0.0 |      19 |       0 |   0.0
        D:5 |     513 |       0 |   0.0 |      18 |       0 |   0.0
        D:6 |     501 |     568 |  53.1 |      17 |       4 |  19.0
        D:7 |    1106 |       0 |   0.0 |      16 |       0 |   0.0
            +---------+---------+-------+---------+---------+-------
